AoeStats
← isarco25girasoles

Arabia

510198775Analyzed
1v1 RM · 2d ago on Sep 29, 2026· 50m 7s· 2 players
Game mode
Random Map
Map size
Tiny (2 player)
Population
200
Speed
Normal
Resources
Standard
Victory
Conquest
Starting age
Dark Age
Ending age
Imperial Age
RankedLock teamsTeams togetherTeam positionsShared explorationLock speedFull tech treeHidden civsTurbo modeCheats
Victory
Defeat
🇨🇴 Wu · Colombia
706
+17
🇪🇸 Chinese · Spain
733
-17
isarco25girasoles
0:31 Loom
11:07 Feudal Age
12:38 Man-at-Arms
15:12 Arson
18:07 Forging
18:48 Scale Mail Armor
21:11 Padded Archer Armor
20:56 Horse Collar
21:05 Double-Bit Axe
23:12 Fletching
25:46 Castle Age
26:11 Gold Mining
26:16 Stone Mining
27:32 Bow Saw
28:20 Heavy Plow
29:49 Scale Barding Armor
30:07 Elite Skirmisher
31:48 Leather Archer Armor
34:32 Gold Mining
35:11 Ballistics
39:01 Imperial Age
36:36 Stone Mining
37:19 Bodkin Arrow
37:19 Pikeman
37:21 Long Swordsman
38:25 Masonry
40:24 Wheelbarrow
39:42 Heavy Hei Guang Cavalry
40:53 Bracer
41:16 Light Cavalry
43:26 Chemistry
42:51 Hand Cart
43:45 Heavy Scorpion
45:55 Two-Man Saw
47:55 Husbandry
48:28 Chain Barding Armor
48:24 Chain Mail Armor
WolfCry
2:31 Loom
12:24 Feudal Age
12:46 Man-at-Arms
13:44 Horse Collar
13:52 Double-Bit Axe
22:15 Castle Age
20:45 Padded Archer Armor
21:31 Fletching
22:26 Crossbowman
23:55 Gold Mining
26:12 Bow Saw
26:29 Heavy Plow
28:08 Fervor
28:21 Thumb Ring
28:35 Leather Archer Armor
30:44 Town Watch
31:35 Wheelbarrow
30:44 Pikeman
32:44 Gold Shaft Mining
32:00 Stone Mining
32:25 Squires
33:00 Bodkin Arrow
34:53 Town Patrol
35:12 Hand Cart
35:47 Stone Shaft Mining
40:35 Imperial Age
38:10 Arson
39:59 Masonry
39:45 Murder Holes
40:12 Ballistics
42:25 Two-Man Saw
41:13 Elite Fire Lancer
43:00 Chemistry
42:30 Architecture
42:03 Capped Ram
43:14 Conscription
43:11 Bracer
43:17 Scale Barding Armor
43:16 Scale Mail Armor
43:27 Forging
44:21 Siege Ram
46:18 Arbalester
46:42 Elite Chu Ko Nu
49:21 Pikeman
Connection lost

Rejoining the realm…

Still unreachable

The connection could not be restored.

Session expired

The server has moved on; the page needs a fresh start.